Map: Simulacrum LE

Players

HertogHan - Winner!

  • Race: Terran Terran
  • Spawn Location: 5:00

A.I. 1 (Medium)

  • Race: Protoss Protoss
  • Spawn Location: 11:00

VOD

Have the link to the VOD?

Description

Time

  • Played on: April 28, 2020, 7:51 a.m.
  • Length: 44:12
Show
View Real Time Build Order
Export as new Build Order

HertogHan Terran - Winner!

Build Orders:  

Get SALT Encoding   

  12  0:04  SCV  
  13  0:17  Supply Depot  
  13  0:23  Refinery  
  13  0:26  SCV  
  14  0:38  SCV  
  15  0:51  SCV  
  16  0:57  Barracks  
  16  1:03  SCV  
  17  1:15  SCV  
  18  1:27  SCV  
  18  1:30  Engineering Bay  
  20  1:40  SCV  
  20  1:52  SCV  
  21  1:56  Factory  
  21  2:08  Orbital Command  
  21  2:22  Barracks Tech Lab  
  21  2:39  SCV  
  22  2:49  Missile Turret  
  22  2:50  Refinery  
  22  2:56  Factory Tech Lab  
  22  2:57  Marine  
  23  3:23  Missile Turret  
  23  3:36  Command Center  
  23  4:11  Refinery  
  23  4:25  Bunker  
  23  4:47  SCV, Siege Tank, Marine  
  23  4:49  Supply Depot  
  28  4:53  Supply Depot  
  28  4:56  Orbital Command  
  29  5:00  SCV  
  29  5:05  Refinery, Marine  
  30  5:12  SCV  
  31  5:19  Missile Turret  
  31  5:20  Siege Tank  
  34  5:23  Marine  
  34  5:24  SCV  
  36  5:36  SCV  
  36  5:41  Marine  
  38  5:45  SCV  
  39  5:52  Siege Tank  
  42  5:57  SCV  
  42  5:58  SCV, Marine  
  44  6:09  SCV, Missile Turret  
  44  6:10  SCV  
  43  6:16  Marine  
  44  6:21  Missile Turret  
  44  6:22  Missile Turret  
  44  6:24  Siege Tank  
  47  6:34  Marine  
  48  6:52  Marine  
  49  7:00  SCV  
  50  7:09  Siege Tank  
  50  7:10  Marine  
  54  7:38  SCV  
  54  8:13  Armory  
  54  8:42  Command Center  
  54  9:00  Starport  
  54  9:34  Supply Depot  
  54  9:37  Supply Depot  
  54  9:41  Supply Depot  
  54  9:53  SCV x2, Siege Tank, Marine, Supply Depot  
  54  9:59  Missile Turret  
  60  10:05  SCV x2  
  62  10:11  Marine, Missile Turret  
  63  10:18  SCV x2, Supply Depot  
  63  10:19  Supply Depot  
  65  10:22  Missile Turret  
  65  10:25  Siege Tank  
  68  10:29  Marine  
  68  10:30  SCV x2  
  71  10:38  Missile Turret  
  71  10:42  SCV x2  
  73  10:47  Marine  
  74  10:57  Thor  
  74  11:01  Orbital Command  
  80  11:04  Marine  
  80  11:08  Missile Turret  
  81  11:26  Refinery  
  81  11:38  Missile Turret  
  81  11:40  Thor  
  81  11:46  Barracks  
  87  11:47  Starport Tech Lab  
  87  11:53  Terran Vehicle And Ship Armor Level 1  
  87  12:18  SCV  
  88  12:23  Thor  
  94  12:30  SCV x2  
  96  12:39  SCV  
  96  12:42  SCV x2  
  99  12:51  SCV  
  99  12:54  SCV  
  101  12:59  Refinery  
  101  13:01  Barracks Reactor  
  101  13:03  SCV  
  102  13:06  SCV, Thor  
  102  13:10  Factory  
  102  13:11  Medivac  
  111  13:15  SCV  
  112  13:22  Fusion Core  
  112  13:27  SCV  
  113  13:41  Medivac  
  113  13:47  Terran Ship Weapons Level 1  
  115  13:55  Thor  
  116  14:05  Starport  
  116  14:17  Factory Tech Lab  
  116  14:24  Missile Turret  
  116  14:33  Marine  
  117  14:44  Supply Depot  
  117  14:47  Supply Depot  
  117  14:59  Supply Depot  
  117  15:01  Supply Depot  
  117  15:05  Marine x2, Medivac  
  121  15:09  Thor  
  127  15:23  Marine x2  
  129  15:35  Medivac  
  131  15:40  Weapon Refit  
  131  15:41  Marine x2  
  133  15:52  Thor  
  133  15:56  Starport Tech Lab  
  139  15:58  Marine x2  
  141  16:05  Raven  
  143  16:16  Marine x2  
  145  16:24  Starport Tech Lab  
  145  16:34  Marine  
  145  16:35  Siege Tank  
  149  17:14  Siege Tank x2  
  149  17:18  Battlecruiser  
  149  17:20  Rapid Reignition System  
  126  17:46  Siege Tank x2  
  132  17:56  Battlecruiser  
  138  18:17  SCV, Advanced Ballistics  
  138  18:18  Siege Tank, Thor  
  148  18:45  Supply Depot  
  148  18:47  Supply Depot  
  148  19:07  Battlecruiser, Siege Tank  
  148  19:09  Battlecruiser  
  163  19:24  Missile Turret  
  163  19:27  Missile Turret  
  163  19:32  Command Center  
  163  19:34  Missile Turret  
  163  19:58  Supply Depot  
  163  20:09  Refinery  
  163  20:14  Refinery  
  163  20:20  Battlecruiser, Siege Tank, Missile Turret  
  172  20:33  Supply Depot  
  172  20:43  Thor  
  172  20:44  Battlecruiser  
  143  21:24  Battlecruiser  
  142  21:48  Battlecruiser  
  148  22:29  Battlecruiser  
  154  22:52  Battlecruiser  
  154  22:56  Planetary Fortress  
  160  23:26  Starport, Thor  
  166  23:33  Battlecruiser, Marine x2  
  174  23:51  Marine x2  
  176  23:56  Battlecruiser  
  176  23:59  Missile Turret  
  176  24:01  Missile Turret  
  182  24:09  Marine x2  
  184  24:24  Starport Tech Lab  
  184  24:26  Marine  
  184  24:27  Marine  
  184  24:28  Terran Vehicle And Ship Armor Level 2  
  186  24:37  Battlecruiser, Siege Tank  
  195  24:44  Marine x2  
  197  25:02  Marine x2  
  192  25:09  Siege Tank  
  185  25:41  Battlecruiser, Siege Tank  
  194  25:54  Missile Turret  
  194  26:43  Terran Ship Weapons Level 2  
  194  26:46  Battlecruiser  
  193  29:00  Terran Vehicle Weapons Level 1  
  191  30:18  Marine x2  
  185  30:36  Marine  
  186  31:03  Battlecruiser  
  192  31:05  Battlecruiser  
  192  31:08  Orbital Command  
  190  32:07  Battlecruiser  
  176  33:11  Battlecruiser  
  182  33:14  SCV  
  183  33:26  SCV  
  184  33:38  SCV  
  185  34:29  Battlecruiser  
  191  34:31  Battlecruiser  
  191  35:33  Battlecruiser  
  191  36:10  Refinery  
  191  36:12  Refinery  
  191  36:37  Battlecruiser  
  197  37:20  Command Center  
  197  38:11  Terran Infantry Armor Level 1  
  191  39:25  Refinery  
  191  39:28  Refinery  
  191  40:06  Terran Infantry Weapons Level 1  
  191  40:23  Orbital Command  
  185  41:09  Battlecruiser  
  185  41:11  Battlecruiser  
  196  42:00  Hi-Sec Auto Tracking  
Show
View Real Time Build Order
Export as new Build Order

A.I. 1 (Medium) Protoss 

Build Orders:  

Get SALT Encoding   

  12  0:00  Probe  
  13  0:13  Probe  
  14  0:20  Pylon  
  14  0:25  Probe  
  15  0:34  Probe  
  15  0:42  Probe  
  16  0:48  Assimilator  
  17  0:52  Gateway, Probe  
  18  1:03  Pylon  
  18  1:30  Gateway  
  18  1:34  Assimilator  
  18  1:41  Zealot  
  18  1:44  Cybernetics Core  
  20  1:59  Zealot  
  22  2:11  Pylon  
  22  2:20  Warp Gate  
  22  2:21  Stalker  
  24  2:36  Stalker, Probe  
  27  2:48  Probe  
  28  2:51  Stalker  
  28  2:55  Pylon  
  30  3:00  Probe  
  31  3:06  Stalker  
  31  3:08  Probe  
  31  3:10  Forge  
  34  3:16  Probe  
  34  3:26  Probe  
  36  5:24  Sentry  
  36  5:25  Probe  
  36  5:26  Photon Cannon  
  39  5:29  Photon Cannon  
  39  5:31  Robotics Facility  
  39  5:34  Stargate  
  39  5:37  Twilight Council  
  39  5:38  Adept  
  39  5:39  Gateway  
  39  5:42  Forge  
  41  5:46  Pylon  
  41  5:51  Stalker  
  41  6:04  Probe  
  41  6:05  Pylon, Sentry  
  36  6:13  Observer  
  34  6:19  Adept  
  37  6:28  Nexus  
  37  6:30  Observer  
  37  6:32  Stalker  
  40  6:46  Stalker  
  42  6:59  Zealot  
  44  7:13  Stalker  
  46  7:27  Zealot  
  48  7:40  Probe  
  48  7:43  Probe  
  50  7:50  Assimilator  
  50  7:51  Pylon  
  50  7:52  Probe  
  50  7:54  Stalker, Pylon  
  50  7:55  Probe  
  50  7:56  Assimilator  
  54  8:04  Probe  
  55  8:07  Probe  
  56  8:16  Photon Cannon, Probe  
  56  8:19  Probe  
  58  8:20  Photon Cannon  
  58  8:24  Photon Cannon, Probe  
  58  8:31  Probe  
  58  8:32  Probe  
  60  8:39  Probe  
  61  8:43  Probe  
  61  8:47  Probe  
  63  8:55  Probe  
  65  8:58  Probe  
  66  9:07  Probe  
  67  9:10  Probe  
  68  9:19  Probe  
  68  9:21  Probe  
  70  9:41  Observer  
  70  9:46  Protoss Ground Weapons Level 1  
  70  9:56  Protoss Ground Armor Level 1, Zealot  
  70  9:59  Gateway, Observer  
  72  10:02  Robotics Facility  
  72  10:05  Stargate  
  73  10:09  Pylon  
  73  10:13  Templar Archives  
  73  10:18  Robotics Bay  
  73  10:20  Immortal, Dark Shrine  
  71  10:21  Fleet Beacon  
  71  10:23  Stalker  
  59  10:32  Stalker  
  59  10:40  Zealot  
  60  10:48  Warp Prism  
  60  10:49  Zealot  
  63  10:57  Stalker  
  63  11:00  Observer  
  66  11:05  Gravitic Boosters  
  66  11:06  Sentry  
  68  11:14  Nexus  
  68  11:15  Adept  
  68  11:16  Warp Prism  
  70  11:21  Observer  
  73  11:33  Immortal  
  77  11:52  Gravitic Drive  
  77  12:27  Probe  
  78  12:30  Probe  
  78  12:33  Probe  
  80  12:38  Assimilator, Probe  
  80  12:39  Probe  
  80  12:40  Pylon  
  80  12:41  Pylon  
  80  12:42  Assimilator  
  82  12:45  Probe  
  82  12:49  Probe x2  
  85  13:02  Photon Cannon  
  85  13:05  Photon Cannon  
  85  13:16  Protoss Ground Weapons Level 2  
  85  13:26  Zealot  
  85  13:27  Protoss Ground Armor Level 2  
  87  13:31  Zealot  
  87  13:32  Protoss Air Weapons Level 1  
  89  13:36  Stalker  
  91  13:41  Stalker  
  91  13:46  Stalker  
  91  13:47  Blink  
  95  13:52  Sentry  
  81  13:57  Stalker  
  78  14:02  Immortal  
  78  14:04  Observer  
  78  14:07  Stalker  
  81  14:12  Sentry  
  83  14:17  Stalker  
  83  14:22  Zealot  
  87  14:28  Immortal  
  91  14:33  Zealot  
  91  14:38  Zealot  
  95  14:43  Adept  
  97  14:59  Observer  
  97  15:22  Protoss Shields Level 1  
  97  15:30  Protoss Air Armor Level 1  
  97  15:49  Protoss Ground Weapons Level 3  
  97  16:09  Nexus  
  97  16:47  High Templar  
  97  16:49  Void Ray  
  97  16:51  Void Ray  
  105  17:09  High Templar  
  105  17:11  Protoss Ground Armor Level 3  
  95  17:16  Stalker  
  95  17:18  Observer  
  95  17:20  Observer  
  87  17:23  Stalker  
  87  17:30  Sentry, Assimilator  
  87  17:34  Pylon  
  87  17:36  Pylon  
  89  17:38  Archon, Assimilator  
  89  17:39  High Templar  
  89  17:42  Protoss Air Weapons Level 2  
  81  17:46  Sentry  
  83  17:52  Observer  
  83  17:53  Zealot  
  83  17:56  Photon Cannon  
  83  17:57  Photon Cannon  
  85  18:00  Zealot  
  87  18:08  Stalker  
  89  18:16  High Templar  
  89  18:19  Protoss Shields Level 2  
  91  18:23  Archon  
  91  18:24  High Templar  
  93  18:31  High Templar  
  95  18:38  Archon  
  95  18:39  Dark Templar  
  97  19:49  Dark Templar  
  99  19:56  Protoss Air Armor Level 2, Archon  
  99  19:57  Dark Templar  
  101  20:04  Dark Templar  
  103  20:11  Archon  
  103  20:23  Protoss Shields Level 3  
  103  20:24  Adept  
  105  20:32  Adept  
  107  20:39  Immortal  
  111  20:46  Phoenix  
  111  20:53  Disruptor  
  104  21:00  Adept  
  100  21:08  Adept  
  96  21:15  Adept  
  94  21:21  Immortal  
  94  21:23  Phoenix  
  97  21:29  Observer  
  93  21:36  Tempest  
  90  21:44  Sentry  
  92  21:51  Zealot, Observer  
  95  21:58  Zealot  
  97  22:05  Stalker  
  99  22:12  Stalker  
  101  22:19  Sentry  
  103  22:26  Disruptor  
  103  22:28  Observer  
  106  22:48  Nexus  
  106  24:06  Assimilator  
  106  24:08  Pylon x2  
  106  24:12  Assimilator  
  106  24:30  Photon Cannon  
  106  24:32  Photon Cannon  
  106  24:37  High Templar  
  108  24:44  Stalker  
  110  24:51  High Templar  
  112  24:59  Dark Templar, Archon  
  114  25:06  Sentry  
  106  25:12  Observer  
  106  25:13  Stalker, Observer  
  82  25:20  Sentry  
  75  25:27  Stalker  
  77  25:35  Zealot  
  79  25:42  Zealot  
  81  25:49  Immortal  
  85  25:56  Immortal  
  89  26:04  Dark Templar  
  91  26:22  Dark Templar, Archon  
  93  26:29  Dark Templar  
  93  26:31  Observer  
  95  26:47  Archon  
  95  26:48  Dark Templar  
  97  26:55  Dark Templar  
  99  27:14  Archon  
  99  27:15  Dark Templar  
  101  27:22  Dark Templar  
  103  27:55  Nexus  
  103  28:00  Stalker  
  89  28:07  Sentry  
  81  28:14  Sentry  
  81  28:18  Stalker  
  77  28:22  Stalker  
  79  28:27  Stalker  
  79  28:31  Immortal  
  79  28:36  Zealot  
  79  28:39  Observer  
  79  28:40  Stalker  
  77  28:45  Zealot  
  79  28:49  Sentry  
  79  28:55  Dark Templar  
  83  28:59  Stalker  
  77  29:02  Immortal  
  77  29:09  Stalker  
  77  29:13  Zealot  
  77  29:15  Assimilator  
  77  29:19  Pylon  
  77  29:21  Pylon  
  77  29:22  Zealot, Assimilator  
  77  29:27  Dark Templar, Probe  
  77  29:30  Probe  
  79  29:32  Sentry  
  79  29:36  Stalker  
  73  29:41  Immortal  
  73  29:45  Zealot  
  79  29:49  Adept  
  81  29:56  Immortal  
  81  29:59  Sentry  
  76  30:07  Zealot  
  76  30:12  Adept  
  78  30:16  Stalker  
  78  30:20  Observer, Sentry  
  81  30:25  Zealot  
  81  30:31  Stalker  
  81  30:36  Zealot  
  81  30:39  Immortal  
  81  30:40  Stalker  
  77  30:49  Zealot  
  81  30:53  Stalker  
  83  30:58  Adept  
  83  31:02  Adept  
  87  31:09  Sentry  
  89  31:14  Adept  
  89  31:18  Adept  
  93  31:22  Sentry  
  95  31:31  Zealot  
  97  31:33  Colossus, Probe  
  97  31:37  Void Ray  
  101  31:42  Pylon  
  107  31:48  Tempest  
  110  31:55  Pylon  
  110  31:57  Stalker, Pylon  
  96  32:03  Stalker  
  96  32:07  Probe x2  
  95  32:10  Stalker  
  88  32:16  Sentry  
  90  32:22  Sentry  
  90  32:29  Stalker  
  86  32:35  Stalker  
  80  32:42  Zealot  
  82  32:48  Stalker  
  80  32:55  Zealot  
  77  33:01  Sentry  
  71  33:06  Void Ray  
  71  33:08  Stalker  
  73  33:21  Sentry  
  75  33:27  Adept  
  75  33:34  Zealot  
  79  33:40  Stalker  
  81  33:47  Stalker  
  83  33:49  Tempest  
  88  33:59  Colossus  
  94  34:06  Zealot  
  96  34:13  Stalker, Nexus  
  98  34:19  Zealot  
  98  34:23  Observer  
  96  34:24  Photon Cannon  
  96  34:27  Photon Cannon  
  95  34:37  Observer  
  96  34:54  Adept  
  97  35:00  Warp Prism  
  97  35:02  Phoenix  
  97  35:03  Warp Prism  
  93  35:10  Adept  
  91  35:17  Adept  
  91  35:25  Adept, Probe  
  83  35:29  Carrier  
  83  35:31  Photon Cannon  
  83  35:33  Assimilator  
  75  35:37  Pylon  
  75  35:40  Warp Prism  
  75  35:41  Pylon  
  75  35:46  Assimilator  
  75  35:50  Dark Templar  
  75  35:58  Gateway, Adept  
  77  36:06  Adept  
  85  36:23  Dark Templar  
  85  36:25  Phoenix  
  87  36:39  Pylon  
  83  36:43  Dark Templar, Archon  
  83  36:44  Probe  
  78  36:51  Forge  
  85  36:54  Forge  
  85  36:59  Dark Templar  
  85  37:01  Cybernetics Core  
  85  37:05  Gateway  
  71  37:27  Pylon  
  71  37:30  Dark Templar, Archon  
  67  37:42  Gateway  
  67  37:52  Adept  
  67  37:56  Pylon, Probe  
  69  38:00  Zealot  
  69  38:03  Stargate  
  65  38:08  Adept  
  65  38:10  Twilight Council  
  65  38:12  Stargate  
  65  38:14  Robotics Facility  
  65  38:16  Photon Cannon  
  65  38:18  Photon Cannon  
  65  38:19  Probe  
  61  38:20  Zealot  
  63  38:28  Stalker  
  62  38:36  Gateway, Stalker  
  62  38:44  Zealot  
  62  38:52  Adept  
  62  39:00  Adept  
  64  39:03  Warp Prism  
  64  39:08  Stalker  
  66  39:15  Adept  
  66  39:22  Adept  
  68  39:26  Phoenix  
  70  39:36  Stalker  
  72  39:44  Zealot  
  74  39:51  Adept  
  72  39:52  Nexus  
  72  39:58  Adept  
  72  40:06  Immortal  
  74  40:13  Stalker  
  74  40:20  Zealot  
  73  40:24  Void Ray  
  73  40:27  Zealot  
  75  40:31  Gateway  
  79  40:42  Zealot, Observer  
  61  40:56  Immortal  
  59  41:00  Pylon  
  61  41:06  Probe  
  61  41:07  Zealot  
  61  41:09  Probe  
  60  41:12  Probe  
  60  41:14  Void Ray  
  60  41:15  Probe  
  60  41:18  Probe  
  67  41:22  Zealot  
  67  41:23  Probe  
  71  41:26  Probe  
  71  41:29  Zealot  
  71  41:30  Probe  
  71  41:31  Warp Prism  
  68  41:32  Probe  
  68  41:37  Probe  
  68  41:38  Zealot, Probe  
  69  41:42  Probe  
  69  41:43  Forge  
  69  41:44  Probe  
  69  41:45  Assimilator, Probe  
  69  41:46  Pylon  
  56  41:48  Pylon  
  56  41:49  Zealot  
  56  41:50  Probe  
  56  41:52  Assimilator  
  58  41:54  Probe  
  58  41:56  Probe  
  58  41:57  Void Ray  
  58  41:59  Probe  
  64  42:01  Observer  
  64  42:07  Probe  
  66  42:08  Probe  
  66  42:11  Probe  
  67  42:22  Zealot  
  55  42:23  Observer, Probe  
  55  42:24  Probe  
  55  42:27  Probe  
  55  42:29  Zealot  
  61  42:34  Warp Prism  
  61  42:35  Probe  
  61  42:36  Probe  
  62  42:38  Pylon  
  62  42:39  Void Ray, Probe  
  62  42:44  Zealot  
  67  42:47  Probe  
  67  42:48  Probe  
  69  42:51  Zealot  
  69  42:56  Probe  
  71  42:59  Probe  
  71  43:04  Zealot  
  43  43:07  Probe  
  43  43:08  Nexus, Probe  
  43  43:10  Observer  
  43  43:12  Zealot  
  44  43:16  Probe  
  44  43:18  Pylon  
  39  43:22  Void Ray  
  39  43:23  Pylon  
  39  43:26  Zealot  
  44  43:28  Probe  
  44  43:32  Warp Prism  
  39  43:40  Probe  
  40  43:45  Gateway  
  23  43:55  Zealot, Dark Shrine  
  23  43:56  Probe  
  21  44:02  Zealot  
  21  44:07  Nexus  
Tags
 
Add a new tag
Caveats
  • Supply blocks, unpowered buildings, or Contaminate may cause inaccurate times.
  • Supply counts are checked every 10 seconds.